 Dungeon Crawl Stone Soup version 0.31-a0-851-g7ff8af7976 (webtiles) character file.

Game seed: 12458947868016813285

2 Sweetruy1997 the Caller (level 1, 0/10 HPs)
             Began as a Kobold Summoner on Oct 8, 2023.
             Slain by a hobgoblin (3 damage)
             ... on level 1 of the Dungeon.
             The game lasted 00:00:32 (63 turns).

Sweetruy1997 the Caller (Kobold Summoner)             Turns: 63, Time: 00:00:32

Health: 0/10       AC:  2    Str:  5    XL:     1   Next: 44%
Magic:  1/3        EV: 15    Int: 16    God:
Gold:   16         SH:  0    Dex: 15    Spells: 3/4 levels left

rFire   . . .        (weapon restricted)
rCold   . . .        (no shield)
rNeg    . . .        a - +0 robe
rPois   .            (no helmet)
rElec   .            (no cloak)
rCorr   .            (no gloves)
SInv    .            (no boots)
Will    .....        (no amulet)
Stlth   +++          (no ring)
HPRegen 0.21/turn    (no ring)
MPRegen 0.08/turn

%: no passive effects
@: no status effects
A: small, no large weapons, nightstalker 3
a: no special abilities


You were on level 1 of the Dungeon.
You visited 1 branch of the dungeon, and saw 1 of its levels.

You collected 16 gold pieces.

Inventory:

Armour
 a - a +0 robe (worn)
Potions
 b - a potion of magic
 c - a potion of degeneration {unknown}


   Skills:
 + Level 2.4 Dodging
 + Level 2.7 Stealth
 + Level 2.2 Spellcasting
 + Level 4.1 Summonings


You had 3 spell levels left.
You knew the following spells:

 Your Spells              Type           Power      Damage    Failure   Level
a - Summon Small Mammal   Summ           56%        N/A       3%          1

Your spell library contained the following spells:

 Spells                   Type           Power      Damage    Failure   Level
 Call Imp                 Summ           28%        N/A       5%          2
 Call Canine Familiar     Summ           14%        N/A       11%         3
 Summon Guardian Golem    Hex/Summ       8%         N/A       26%         3
 Summon Lightning Spire   Summ/Air       8%         N/A       65%         4


Dungeon Overview and Level Annotations

Branches:
Dungeon (1/15)

Altars:


Innate Abilities, Weirdness & Mutations

You are small and have problems with some larger weapons.
You are completely attuned to the shadows.


Message History

Press: ? - help, Dir - move target, f - hobgoblin
Aim: a hobgoblin (asleep) Attack!
Casting: Summon Small Mammal (safe; 3% risk of failure)
Confirm with . or Enter, or press ? or * to list all spells.
Casting: Summon Small Mammal (safe; 3% risk of failure)
Confirm with . or Enter, or press ? or * to list all spells.
Your quokka disappears in a puff of smoke!
Your rat bites the hobgoblin but does no damage.
The goblin shouts!
A ball python comes into view.
Your rat closely misses the hobgoblin.
The hobgoblin misses you.
Your quokka bites the goblin.
Your rat bites the hobgoblin but does no damage.
Your quokka bites the goblin.
The goblin dies!
The hobgoblin closely misses you.
Your rat barely misses the hobgoblin.
The hobgoblin barely misses you.
The ball python bites you but does no damage.
The ball python completely misses you.
Your quokka closely misses the hobgoblin.
Your rat closely misses the hobgoblin.
The ball python barely misses you. x2
A kobold comes into view. It is wielding a +0 whip.
The hobgoblin barely misses you.
Your quokka closely misses the hobgoblin.
Your rat bites the hobgoblin.
You hit the hobgoblin but do no damage.
The hobgoblin is heavily wounded.
The ball python barely misses you. The ball python grabs you.
The ball python constricts you. The hobgoblin hits you.
Your quokka barely misses the hobgoblin.
The ball python bites you. The ball python constricts you.
* * * LOW HITPOINT WARNING * * *
Your rat bites the hobgoblin.
You escape the ball python's grasp.
Your quokka completely misses the hobgoblin.
The hobgoblin attacks as it pursues you!
The hobgoblin hits you.
You die...

### ###.# #### #...#
....##.#.####
.>..........#
............#
....S.......########
....$g@..##.........#
...rr.K....###...§§.##
..)....###.#~~~§§§§~~~
.......# #.#~8~~§§~~8~
.......# #.#~~8~~§~8~~
#≈~~#''#~~≈
#≈≈~#..#§≈≈
#≈≈~#.<#§§≈ ~~####~~≈


You could see a hobgoblin (ally target), a ball python, a kobold, a friendly
quokka (summoned) and a friendly rat (summoned).

Vanquished Creatures (collateral kills)
  An endoplasm (D:1)
  A goblin (D:1)
2 creatures vanquished.

Notes
Turn   | Place    | Note
-------+----------+-------------------------------------------
     0 | D:1      | Sweetruy1997 the Kobold Summoner began the quest for the
                  | Orb.
     0 | D:1      | Reached XP level 1. HP: 10/10 MP: 3/3
    63 | D:1      | Slain by a hobgoblin

Illustrated notes

Levels and vault maps discovered:
D:1:      lightli_arrival_boilingwater, layout_rooms,
          hellmonk_ecumenical_altar_blasted

Action                     || total
---------------------------++-------
  Melee: Unarmed           ||     4
   Cast: Summon Small Mamm ||     4
 Armour: Robe              ||     6
  Dodge: Dodged            ||    10

Table legend: (Time is in decaauts)
 A = Elapsed time spent in this place.
 B = Non-inter-level travel time spent in this place.
 C = Inter-level travel time spent in this place.
 D = Time resting spent in this place.
 E = Time spent auto-exploring this place.
 F = Levels seen in this place.
 G = Mean time per level.
                   A        B        C        D        E       F      G
               +--------+--------+--------+--------+--------+-----+--------+
         Total |     64 |     64 |      0 |      0 |     34 |   1 |   64.0 |
       Dungeon |     64 |     64 |      0 |      0 |     34 |   1 |   64.0 |
               +--------+--------+--------+--------+--------+-----+--------+

Top non-repeatable levels by time:
     D:1: 64 daAuts
